 Dungeon Crawl Stone Soup version 0.29.1-2-gbd0b4ee654 (webtiles) character file.

Game seed: 12682745252862283010

51 zeram the Sneak (level 3, -8/24 HPs)
             Began as an Octopode Brigand on Nov 7, 2022.
             Mangled by a gnoll
             ... wielding a +0 flail
              (14 damage)
             ... on level 2 of the Dungeon.
             The game lasted 00:02:17 (1998 turns).

zeram the Sneak (Octopode Brigand)                  Turns: 1998, Time: 00:02:17

Health: -8/24      AC:  1    Str: 10    XL:     3   Next: 83%
Magic:  3/3        EV: 13    Int: 15    God:
Gold:   122        SH:  0    Dex: 13    Spells: 2/2 levels left

rFire   . . .      SeeInvis .   a - +2 dagger
rCold   . . .      Faith    .   (no shield)
rNeg    . . .      Spirit   .   (helmet restricted)
rPois   .          Reflect  .   i - amulet of the acrobat
rElec   .          Harm     .   m - ring of flight
rCorr   .          Rampage  .   (no ring)
Will    .....                   (no ring)
Stlth   ++++......              (no ring)
HPRegen 0.08/turn               (no ring)
MPRegen 0.08/turn               (no ring)
                                (no ring)
                                (no ring)

@: flying
A: almost no armour, amphibious, 8 rings, camouflage 1, gelatinous body 1,
(nimble swimmer 1), tentacles
a: no special abilities


You were on level 2 of the Dungeon.
You visited 1 branch of the dungeon, and saw 3 of its levels.

You collected 122 gold pieces.

Inventory:

Hand Weapons
 a - a +2 dagger (weapon)
Missiles
 b - 11 poisoned darts (quivered)
 c - 3 curare-tipped darts
Jewellery
 i - an amulet of the acrobat (around mantle)
 m - a ring of flight (left tentacle)
Scrolls
 l - a scroll of identify
Potions
 d - a potion of ambrosia {unknown}
 e - a potion of lignification {unknown}
 f - 2 potions of curing
 g - 2 potions of magic {unknown}
 k - a potion of cancellation {unknown}


   Skills:
 - Level 2.0 Fighting
 + Level 2.3 Short Blades
 - Level 2.0 Throwing
 + Level 1.2 Dodging
 + Level 7.0 Stealth


You had 2 spell levels left.
You didn't know any spells.
Your spell library contained the following spells:

 Spells                   Type           Power      Damage    Failure   Level
 Slow                     Hex            0%         N/A       26%         1
 Blink                    Tloc           0%         N/A       38%         2
 Sublimation of Blood     Necr           0%         N/A       38%         2
 Confusing Touch          Hex            0%         N/A       63%         3
 Ozocubu's Armour         Ice            0%         N/A       63%         3
 Vampiric Draining        Necr           0%         2d6       63%         3
 Passage of Golubria      Tloc           0%         N/A       95%         4
 Petrify                  Tmut/Erth      0%         N/A       95%         4
 Irradiate                Conj/Tmut      0%         3d11      100%        5
 Manifold Assault         Tloc           0%         N/A       100%        5
 Dispersal                Tloc           0%         N/A       100%        6


Dungeon Overview and Level Annotations

Branches:
Dungeon (3/15)

Altars:


Innate Abilities, Weirdness & Mutations

You cannot wear most types of armour.
You are amphibious.
You can wear up to eight rings at the same time.
Your skin changes colour to match your surroundings (Stealth+).
Your rubbery body absorbs attacks. (AC +1, EV +1)
((You are camouflaged when in or above water. (Stealth+)))
You have tentacles for arms and can constrict up to eight enemies at once.


Message History

A gnoll comes into view. It is wielding a +0 flail.
The gnoll shouts!
A goblin comes into view. It is wielding a +0 club.
The gnoll shouts!
The goblin shouts!
The gnoll misses you.
You hit the gnoll but do no damage. You grab the gnoll.
You constrict the gnoll, but do no damage.
You hit the gnoll.
The gnoll is moderately wounded.
You constrict the gnoll. The gnoll barely misses you.
You hit the gnoll.
You squeeze the gnoll, but do no damage.
The gnoll is severely wounded.
You constrict the gnoll. The gnoll misses you.
The gnoll hits you with a +0 flail! The gnoll hits you with a +0 flail.
You are too injured to fight recklessly!
You release your grip on the gnoll.
The gnoll attacks as you move away! The gnoll misses you.
The gnoll attacks as you move away! The gnoll barely misses you.
The gnoll completely misses you. The gnoll attacks as you move away!
The gnoll closely misses you. The gnoll attacks as you move away!
The gnoll completely misses you. The gnoll hits you with a +0 flail!
* * * LOW HITPOINT WARNING * * *
The gnoll attacks as you move away! The gnoll completely misses you.
The gnoll attacks as you move away! The gnoll completely misses you.
There is a stone staircase leading up here.
The gnoll misses you.
You fly upwards.
There is a stone staircase leading down here.
You closely miss the gnoll. You grab the gnoll. You constrict the gnoll.
The gnoll misses you.
You hit the gnoll.
The gnoll is moderately wounded.
You constrict the gnoll. The gnoll misses you.
You barely miss the gnoll.
The gnoll is moderately wounded.
You constrict the gnoll, but do no damage.
The gnoll hits you with a +0 flail!
Ouch! That really hurt!
You die...

###.#.###### ##.....##### ....#.#
#........... .####.#######
########......##### .# #.......#
#....#........# .####.......#
#....'.##.....# .#...#......#
#....####.....# .#...####'###
##.### #.....#
.....'..#.######.################
##...##.#.......@g...............
######.##################.######
#.# #.# #.# #.# #.# #.######
##.####### #....... #........#
####.### #........# ### #.#(.
#........# #.## #.#..


You could see a gnoll.

Vanquished Creatures
  5 ball pythons
  3 bats (D:1)
  2 endoplasms
  3 goblins (D:2)
  2 hobgoblins (D:1)
  7 jackals
  2 quokkas
  5 frilled lizards
  3 kobolds (D:2)
  19 rats
51 creatures vanquished.

Notes
Turn   | Place    | Note
-------+----------+-------------------------------------------
     0 | D:1      | zeram the Octopode Brigand began the quest for the Orb.
     0 | D:1      | Reached XP level 1. HP: 14/14 MP: 1/1
    77 | D:1      | Got Sif Muna's Grimoire of the Quantum Snowflakes
   213 | D:1      | Reached XP level 2. HP: 19/19 MP: 2/2
   222 | D:1      | Reached skill level 6 in Stealth
   278 | D:1      | Found a faded altar of an unknown god.
   863 | D:1      | Reached XP level 3. HP: 20/24 MP: 3/3
  1657 | D:2      | Reached skill level 7 in Stealth
  1998 | D:2      | Mangled by a gnoll

Illustrated notes

Levels and vault maps discovered:
D:1:      dpeg_arrival_tiny_c, layout_basic, ebering_ecumenical_altar_petrified,
          minmay_split_cup_small
D:2:      minmay_door_path, layout_basic, minmay_rat_hole
D:3:      layout_basic, yredelemnul_altar_generic, uniq_terence, uniq_grinder

Skill      XL: |  1  2  3 |
---------------+----------+-----
Stealth        | 6 7 |  7.0
Fighting       | |  2.0
Short Blades   | |  2.3
Throwing       | |  2.0
Dodging        | |  1.2

Action                   || total
-------------------------++-------
Melee: Dagger            ||    85
       Constrict         ||    25
       Tentacles         ||    14
  Use: Scroll            ||     6
 Stab: Sleeping          ||    14
Armor: Skin              ||     3
Dodge: Dodged            ||    56
